 Dungeon Crawl Stone Soup version 0.31-a0-180-g519b7de00c (webtiles) character file.

Game seed: 11132710982188002119

6295 qw the Cleaver (level 10, -16/64 HPs)
             Began as a Gargoyle Fighter on June 19, 2023.
             Was an Elder of Okawaru.
             Demolished by a polar bear (21 damage)
             ... on level 1 of the Lair of Beasts.
             The game lasted 00:03:25 (8401 turns).

qw the Cleaver (Gargoyle Fighter)                   Turns: 8401, Time: 00:03:26

Health: -16/64     AC: 31    Str: 24    XL:     10   Next: 94%
Magic:  13/13      EV: 10    Int: 12    God:    Okawaru [****..]
Gold:   409        SH:  6    Dex: 13    Spells: 9/9 levels left

rFire   . . .        Y - +1 war axe
rCold   . . .        c - +0 buckler
rNeg    + . .        n - +0 plate armour
rPois   inf          f - +2 helmet of the Trees {Int+3 Dex+4}
rElec   +            m - +0 cloak
rCorr   .            (no gloves)
SInv    .            j - +2 pair of boots
Will    +....        (no amulet) Stlth
                     i - ring of willpower
HPRegen 0.30/turn    (no ring)
MPRegen 0.13/turn

%: no passive effects
@: about to teleport, heroic
A: sickness immunity, AC +7, negative energy resistance 1, electricity
resistance, torment resistance 1, petrification resistance
a: Renounce Religion, Heroism, Finesse


You were on level 1 of the Lair of Beasts.
You worshipped Okawaru.
Okawaru was greatly pleased with you.
You visited 3 branches of the dungeon, and saw 10 of its levels.

You collected 409 gold pieces.


Innate Abilities, Weirdness & Mutations

You are immune to sickness and miasma.
Your stone body is resilient. (AC +7)
You are immune to poison.
You resist negative energy. (rN+)
You are resistant to electric shocks. (rElec)
You are resistant to unholy torment.
You are immune to petrification.


   Skills:
 - Level 8.0(13.0) Fighting
 + Level 10.8(15.8) Axes
 - Level 2.7(7.7) Throwing
 - Level 7.4(12.4) Armour
 - Level 2.1(7.1) Dodging
 - Level 5.2(10.2) Shields
 + Level 4.0 Invocations


You had 9 spell levels left.
You didn't know any spells.
Your spell library was empty.

Inventory:

Hand Weapons
 l - a +0 flail
 r - a +1 mace of holy wrath
 Y - a +1 war axe (weapon)
Missiles
 g - 11 boomerangs
Armour
 c - a +0 buckler (worn)
 f - the +2 helmet of the Trees (worn) {Int+3 Dex+4}
   (You acquired it on level 6 of the Dungeon)

   Int:       It affects your intelligence (+3).
   Dex:       It affects your dexterity (+4).
 j - a +2 pair of boots (worn)
 m - a +0 cloak (worn)
 n - a +0 plate armour (worn)
Jewellery
 i - a ring of willpower (left hand)
 q - an amulet of reflection
Scrolls
 e - 4 scrolls of identify
 h - 4 scrolls of teleportation
Potions
 a - a potion of attraction
 b - 2 potions of curing
 d - 2 potions of might
 o - 2 potions of lignification
 p - a potion of enlightenment

Dungeon Overview and Level Annotations

Branches:
Dungeon (8/15)             Temple (1/1) D:4            Lair (1/5) D:8

Altars:
Ashenzari
Cheibriados
Dithmenos
Elyvilon
Fedhas
Gozag
Hepliaklqana
Makhleb
Nemelex Xobeh
Okawaru
Qazlal
Ru
Sif Muna
Trog
Uskayaw
Wu Jian
Yredelemnul
Zin
The Shining One

Shops:
D:1 (*?:

Annotations:
D:4 2 runed translucent doors
D:5 2 transporters, qw's ghost, amateur NaHu


Message History

The polar bear claws you but does no damage.
You block the polar bear's attack.
8396 ||| READING 5 scrolls of teleportation.
As you read the scroll of teleportation, it crumbles to dust.
You feel strangely unstable.
The polar bear goes berserk!
You hit the polar bear.
The polar bear is almost dead.
The polar bear bites you but does no damage.
The polar bear misses you. You block the polar bear's attack.
You closely miss the polar bear.
The polar bear is almost dead.
You slash the polar bear! The polar bear bites you.
The polar bear claws you but does no damage. x2
You block the polar bear's attack.
The polar bear claws you but does no damage. x2
You hit the polar bear.
The polar bear is almost dead.
You slash the polar bear! The polar bear bites you.
The polar bear claws you but does no damage.
The polar bear claws you.
You closely miss the polar bear.
The polar bear is almost dead.
You hit the polar bear.
The polar bear bites you but does no damage.
The polar bear claws you but does no damage. x2
The polar bear bites you but does no damage.
You block the polar bear's attack. The polar bear barely misses you.
The polar bear bites you.
The polar bear claws you but does no damage.
The polar bear barely misses you.
You hit the polar bear.
The polar bear is almost dead.
You hit the polar bear.
The polar bear bites you but does no damage.
The polar bear claws you but does no damage. x2
The polar bear bites you!!
You die...

#.# #.#. #%#
#.#. #.##
#... #..##
## #...
##.#.##.##
###.
#....?...#
#.
#..#...#?#
#...%#...#.#
#.#.%@?....#
#...hh##.###
#.#..... .
#...#..#..
#..#.......P
### #.......
#....P #
.(..(..


You could see 2 polar bears.

Vanquished Creatures
  A two-headed ogre (D:8)
  Pikel (D:6)
  A cane toad (Lair:1)
  A rime drake (Lair:1)
  Grinder (D:6)
  5 yaks (D:8)
  Eustachio (D:6)
  A steam dragon (D:8)
  4 water moccasins
  2 black bears (D:5)
  An ice beast (D:6)
  11 wolves (Lair:1)
  2 centaurs (D:8)
  A lemure (D:6)
  3 kobold brigands
  7 bullfrogs
  2 scorpions (D:6)
  4 howler monkeys
  2 hounds (D:5)
  3 jellies
  3 orc priests
  A sleepcap (D:6)
  An iguana (D:5)
  Ijyb (D:4)
  Natasha (twice) (D:3)
  Terence (D:2)
  8 orc wizards
  Robin (D:3)
  8 gnolls
  7 adders
  3 shadow imps
  A white imp (D:8)
  2 worms
  9 orcs
  5 ball pythons
  3 endoplasms
  A giant cockroach (D:4)
  10 goblins
  8 hobgoblins
  8 jackals
  2 quokkas
  2 bats
  A frilled lizard (D:1)
  21 kobolds
  5 rats
168 creatures vanquished.

Notes
Turn   | Place    | Note
-------+----------+-------------------------------------------
     0 | D:1      | qw the Gargoyle Fighter began the quest for the Orb.
     0 | D:1      | Reached XP level 1. HP: 14/14 MP: 1/1
     0 | D:1      | 0 ||| qw: Version: 0.3-a-7-ge0c9b40
     0 | D:1      | 0 ||| qw: Game counter: 933
     0 | D:1      | 0 ||| qw: Always use a shield: true
     0 | D:1      | 0 ||| qw: God list: Okawaru
     0 | D:1      | 0 ||| qw: Allow faded altars: false
     0 | D:1      | 0 ||| qw: Do Orc after D:15 true
     0 | D:1      | 0 ||| qw: Do second Lair branch before Depths: true
     0 | D:1      | 0 ||| qw: Lair rune preference: random
     0 | D:1      | 0 ||| qw: Plans: Normal, Zot:1-4, Slime:5, God:TSO, Crypt,
                  | Tomb, Abyss, Pan, Hells, Win
     0 | D:1      | 0 ||| PLANNING D:1-11
    39 | D:1      | 39 ||| Stepping ~*~*~tactically~*~*~ (hiding).
   169 | D:1      | Reached skill level 2 in Axes
   193 | D:1      | Found Bual's General Store.
   201 | D:1      | 201 ||| SHOPLISTING scroll of teleportation (39 gold, have
                  | 0).
   262 | D:1      | Found a faded altar of an unknown god.
   274 | D:1      | 274 ||| Stepping ~*~*~tactically~*~*~ (hiding).
   276 | D:1      | 276 ||| Stepping ~*~*~tactically~*~*~ (hiding).
   281 | D:1      | Reached XP level 2. HP: 15/19 MP: 2/2
   359 | D:1      | Found Raron's Antique Weapon Shop.
   363 | D:1      | Found Sofo's Magic Scroll Emporium.
   369 | D:1      | 369 ||| SHOPLISTING club (26 gold, have 3).
   369 | D:1      | 369 ||| SHOPLISTING slimy flail (221 gold, have 3).
   375 | D:1      | 375 ||| SHOPLISTING scroll of brand weapon (114 gold, have
                  | 12).
   375 | D:1      | 375 ||| SHOPLISTING scroll of teleportation (36 gold, have
                  | 12).
   462 | D:1      | Found Puunwo Kite's Book Emporium.
   880 | D:1      | 880 ||| READING scroll labelled VYH ZOFOUGIOSM.
   881 | D:1      | 881 ||| READING scroll labelled VUSTO SISTRITIL.
  1001 | D:2      | 1001 ||| Stepping ~*~*~tactically~*~*~ (stealth).
  1006 | D:2      | Reached skill level 3 in Axes
  1019 | D:2      | 1019 ||| DROPPING +0 club.
  1062 | D:2      | 1062 ||| DROPPING +0 whip.
  1159 | D:2      | 1159 ||| Stepping ~*~*~tactically~*~*~ (hiding).
  1160 | D:2      | 1160 ||| Stepping ~*~*~tactically~*~*~ (hiding).
  1166 | D:2      | Reached skill level 1 in Throwing
  1166 | D:2      | Reached XP level 3. HP: 23/23 MP: 3/3
  1284 | D:2      | Reached XP level 4. HP: 27/28 MP: 4/4
  1299 | D:2      | 1299 ||| DROPPING +0 mace.
  1356 | D:2      | Noticed Terence
  1360 | D:2      | Killed Terence
  1436 | D:2      | Reached skill level 4 in Axes
  1587 | D:2      | 1587 ||| UPGRADING to +0 chain mail.
  1597 | D:2      | 1597 ||| DROPPING +0 scale mail.
  1598 | D:2      | 1598 ||| DROPPING orb of guile.
  1599 | D:2      | 1599 ||| READING scroll labelled QONLEO CIARO.
  1600 | D:2      | 1600 ||| READING scroll labelled FOIG XOTWIFERE.
  1601 | D:2      | 1601 ||| READING 2 scrolls labelled CAC QAOPIEM.
  1605 | D:2      | 1605 ||| READING scroll labelled ROFIFO UPSO.
  1606 | D:2      | 1606 ||| DRINKING 2 coppery potions.
  1655 | D:3      | 1655 ||| Stepping ~*~*~tactically~*~*~ (stealth).
  1657 | D:3      | 1657 ||| Stepping ~*~*~tactically~*~*~ (hiding).
  1658 | D:3      | 1658 ||| Stepping ~*~*~tactically~*~*~ (hiding).
  1659 | D:3      | 1659 ||| Stepping ~*~*~tactically~*~*~ (hiding).
  1676 | D:3      | HP: 6/28 [something/puff of flame (9)]
  1682 | D:3      | Reached XP level 5. HP: 5/32 MP: 5/5
  1911 | D:3      | Noticed Robin
  1923 | D:3      | Killed Robin
  1941 | D:3      | 1941 ||| Stepping ~*~*~tactically~*~*~ (stealth).
  1943 | D:3      | 1943 ||| FLEEEEING.
  1946 | D:3      | 1946 ||| FLEEEEING.
  1946 | D:3      | HP: 4/32 [kobold/puff of flame (12)]
  1947 | D:3      | 1947 ||| FLEEEEING.
  1948 | D:3      | 1948 ||| FLEEEEING.
  1962 | D:3      | 1962 ||| Stepping ~*~*~tactically~*~*~ (hiding).
  2480 | D:3      | Noticed Natasha
  2486 | D:3      | Killed Natasha
  2487 | D:3      | Reached skill level 5 in Axes
  2516 | D:3      | 2516 ||| UPGRADING to +0 helmet.
  2521 | D:3      | 2521 ||| READING scroll labelled MUPNYSHR DOITSOLOC.
  3025 | D:3      | Noticed Natasha
  3030 | D:3      | Killed Natasha
  3031 | D:3      | Reached XP level 6. HP: 33/38 MP: 6/6
  3151 | D:4      | Found an opulent altar of Gozag.
  3151 | D:4      | Found a broken altar of Ashenzari.
  3228 | D:4      | Found a staircase to the Ecumenical Temple.
  3229 | D:4      | 3229 ||| PLANNING TEMPLE
  3229 | D:4      | 3229 ||| UPGRADING to +0 pair of boots.
  3234 | D:4      | 3234 ||| DRINKING 2 viscous coppery potions.
  3235 | D:4      | 3235 ||| READING 2 scrolls of identify.
  3235 | D:4      | 3235 ||| IDENTIFYING pink potion
  3236 | D:4      | 3236 ||| DROPPING potion of brilliance.
  3242 | Temple   | Entered the Ecumenical Temple
  3389 | Temple   | 3389 ||| PLANNING D:1-11
  3509 | D:4      | 3509 ||| Stepping ~*~*~tactically~*~*~ (hiding).
  3511 | D:4      | 3511 ||| Stepping ~*~*~tactically~*~*~ (hiding).
  3512 | D:4      | 3512 ||| Stepping ~*~*~tactically~*~*~ (hiding).
  3514 | D:4      | 3514 ||| Stepping ~*~*~tactically~*~*~ (hiding).
  3636 | D:4      | Found a large runed translucent door.
  3638 | D:4      | Found a large runed translucent door.
  3644 | D:4      | 3644 ||| Stepping ~*~*~tactically~*~*~ (hiding).
  3667 | D:4      | 3667 ||| DRINKING potion of curing.
  3667 | D:4      | 3667 ||| (to cure confusion)
  3876 | D:4      | Noticed Ijyb
  3877 | D:4      | 3877 ||| Stepping ~*~*~tactically~*~*~ (hiding).
  3878 | D:4      | 3878 ||| Stepping ~*~*~tactically~*~*~ (hiding).
  3898 | D:4      | Killed Ijyb
  4002 | D:4      | 4002 ||| Stepping ~*~*~tactically~*~*~ (stealth).
  4203 | D:4      | 4203 ||| UPGRADING to +1 pair of boots.
  4213 | D:4      | 4213 ||| DROPPING +0 pair of boots.
  4214 | D:4      | 4214 ||| READING 2 scrolls of identify.
  4214 | D:4      | 4214 ||| IDENTIFYING fuming orange potion
  4226 | D:5      | Entered Level 5 of the Dungeon
  4292 | D:5      | Noticed a black bear
  4301 | D:5      | Killed a black bear
  4302 | D:5      | Reached skill level 6 in Axes
  4411 | D:5      | Reached XP level 7. HP: 43/43 MP: 7/7
  4433 | D:5      | Noticed a toenail golem
  4484 | D:5      | Found a transporter.
  4491 | D:5      | Found a transporter.
  4502 | D:5      | 4502 ||| Stepping ~*~*~tactically~*~*~ (hiding).
  4510 | D:5      | Reached skill level 1 in Dodging
  4838 | D:5      | Found a glowing silver altar of Zin.
  4842 | D:5      | Found an iron altar of Okawaru.
  4843 | D:5      | 4843 ||| PLANNING OKAWARU WORSHIP
  4843 | D:5      | 4843 ||| UPGRADING to +0 plate armour.
  4853 | D:5      | 4853 ||| DROPPING +0 chain mail.
  4854 | D:5      | 4854 ||| UPGRADING to ring of willpower.
  4855 | D:5      | 4855 ||| READING scroll labelled ONOWAV BITTIXI.
  4856 | D:5      | 4856 ||| READING scroll labelled XUIMARI YL NOE.
  4857 | D:5      | 4857 ||| READING 4 scrolls of identify.
  4857 | D:5      | 4857 ||| IDENTIFYING puce potion
  4861 | D:5      | Found a burning altar of Makhleb.
  4863 | D:5      | Became a worshipper of Warmaster Okawaru
  4864 | D:5      | 4864 ||| PLANNING D:1-11
  4864 | D:5      | Found a snail-covered altar of Cheibriados.
  4870 | D:5      | Found a sparkling altar of Nemelex Xobeh.
  4897 | D:5      | Noticed qw's ghost (amateur NaHu)
  5233 | D:6      | 5233 ||| STAIRDANCE
  5329 | D:6      | Reached skill level 7 in Axes
  5387 | D:6      | Noticed Eustachio
  5402 | D:6      | Reached * piety under Okawaru
  5403 | D:6      | Reached XP level 8. HP: 30/49 MP: 8/8
  5403 | D:6      | 5403 ||| INVOKING Heroism.
  5411 | D:6      | HP: 2/49 [ice beast (12)]
  5412 | D:6      | 5412 ||| READING 3 scrolls of teleportation.
  5416 | D:6      | 5416 ||| INVOKING Heroism.
  5726 | D:6      | Reached skill level 1 in Invocations
  5887 | D:6      | 5887 ||| INVOKING Heroism.
  5898 | D:6      | Killed Eustachio
  5925 | D:6      | Noticed Pikel
  5925 | D:6      | 5925 ||| Stepping ~*~*~tactically~*~*~ (stealth).
  5926 | D:6      | 5926 ||| INVOKING Heroism.
  5937 | D:6      | Killed Pikel
  5938 | D:6      | Reached skill level 9 in Axes
  5938 | D:6      | Reached XP level 9. HP: 51/54 MP: 7/9
  6045 | D:6      | Noticed Grinder
  6046 | D:6      | 6046 ||| INVOKING Heroism.
  6059 | D:6      | 6059 ||| INVOKING Heroism.
  6069 | D:6      | Killed Grinder
  6363 | D:6      | 6363 ||| UPGRADING to +0 cloak.
  6368 | D:6      | 6368 ||| READING scroll labelled ISIBRUNLOC.
  6368 | D:6      | Identified a scroll of acquirement
  6368 | D:6      | 6368 ||| ACQUIRING +2 helmet of the Trees {Int+3 Dex+4}
  6368 | D:6      | Acquired the +2 helmet of the Trees {Int+3 Dex+4}
  6370 | D:6      | 6370 ||| UPGRADING to +2 helmet of the Trees {Int+3 Dex+4}.
  6380 | D:6      | 6380 ||| DROPPING +0 helmet.
  6381 | D:6      | 6381 ||| READING scroll labelled CIFRIW USOXA.
  6425 | D:7      | 6425 ||| Stepping ~*~*~tactically~*~*~ (hiding).
  6426 | D:7      | 6426 ||| Stepping ~*~*~tactically~*~*~ (hiding).
  6427 | D:7      | 6427 ||| INVOKING Heroism.
  6430 | D:7      | Reached skill level 3 in Invocations
  6693 | D:7      | 6693 ||| INVOKING Heroism.
  6887 | D:7      | Reached ** piety under Okawaru
  6956 | D:7      | 6956 ||| Stepping ~*~*~tactically~*~*~ (stealth).
  6960 | D:7      | Reached skill level 6 in Fighting
  7135 | D:7      | 7135 ||| READING scroll labelled SUATADDEAJO.
  7141 | D:8      | Found a staircase to the Lair.
  7179 | D:8      | 7179 ||| Stepping ~*~*~tactically~*~*~ (hiding).
  7271 | D:8      | 7271 ||| INVOKING Heroism.
  7280 | D:8      | Reached skill level 6 in Armour
  7303 | D:8      | 7303 ||| INVOKING Heroism.
  7325 | D:8      | 7325 ||| INVOKING Heroism.
  7325 | D:8      | HP: 10/57 [yak (10)]
  7326 | D:8      | 7326 ||| READING 5 scrolls of teleportation.
  7329 | D:8      | Reached XP level 10. HP: 12/63 MP: 10/13
  7575 | D:8      | 7575 ||| Stepping ~*~*~tactically~*~*~ (hiding).
  7629 | D:8      | 7629 ||| READING scroll of enchant armour.
  7629 | D:8      | 7629 ||| ENCHANTING +1 pair of boots.
  7705 | D:8      | Noticed a two-headed ogre
  7706 | D:8      | 7706 ||| INVOKING Heroism.
  7707 | D:8      | 7707 ||| Stepping ~*~*~tactically~*~*~ (stealth).
  7712 | D:8      | Killed a two-headed ogre
  7713 | D:8      | Reached skill level 10 in Axes
  8085 | D:8      | 8085 ||| PLANNING LAIR
  8085 | D:8      | 8085 ||| READING scroll labelled NYGRYSCHURA.
  8105 | Lair:1   | Entered Level 1 of the Lair of Beasts
  8126 | Lair:1   | Reached *** piety under Okawaru
  8248 | Lair:1   | Noticed a cane toad
  8249 | Lair:1   | 8249 ||| INVOKING Heroism.
  8256 | Lair:1   | Killed a cane toad
  8320 | Lair:1   | 8320 ||| Stepping ~*~*~tactically~*~*~ (stealth).
  8376 | Lair:1   | 8376 ||| INVOKING Heroism.
  8391 | Lair:1   | Reached **** piety under Okawaru
  8395 | Lair:1   | HP: 15/64 [polar bear (9)]
  8396 | Lair:1   | 8396 ||| READING 5 scrolls of teleportation.
  8399 | Lair:1   | HP: 6/64 [polar bear (4)]
  8401 | Lair:1   | Demolished by a polar bear

Levels and vault maps discovered:
D:1:      co_arrival_random_square_maze, layout_loops_ring,
          hellmonk_ecumenical_altar_crossroads, serial_shops,
          nicolae_shop_stone, nicolae_book_shop_shelving, shop, shop
D:2:      layout_rooms, cheibrodos_gnoll_hut, uniq_terence
D:3:      layout_basic, serial_co_window_serial, co_window_paths_a,
          co_window_corner_a, co_window_paths_a, co_window_corner_a,
          co_window_paths_a, co_window_unsneaky_path_b,
          co_window_unsneaky_path_d, co_window_broadway_a,
          co_window_unsneaky_path_a, co_window_of_opportunity_c,
          co_window_broadway_b, co_window_4corner_b, glass_columns_c,
          glass_columns_c, glass_columns_b, glass_columns_a, glass_columns_b,
          uniq_robin, uniq_natasha
D:4:      layout_loops_cross, nicolae_overflow_two_pavilions,
          jmf_multi_god_temple2, minmay_temple_entry_fiery, uniq_ijyb
D:5:      layout_basic, nicolae_overflow_hallway_of_the_gods,
          gammafunk_ghost_abyssal_escape, solitary_fountain
D:6:      layout_basic, uniq_pikel, uniq_eustachio, uniq_grinder
D:7:      layout_loops_ring
D:8:      layout_loops_ring, lair_entry_dummy, corexii_leaking_fountain,
          kennysheep_generic_room_13
Temple:   hellmonk_temple_forest_ring
Lair:1:   layout_loops_ring, grunt_megastairs_3

Skill      XL: |  1  2  3  4  5  6  7  8  9 10 |
---------------+-------------------------------+-----
Axes           | 2 3 4 5 6 7 9 10 | 10.8
Throwing       | 1 2 |  2.7
Fighting       | 4 5 7 8 |  8.0
Dodging        | 1 2 |  2.1
Armour         | 4 6 7 |  7.4
Invocations    | 1 4 |  4.0
Shields        | 4 5 |  5.2

Action                     |  1- 3 |  4- 6 |  7- 9 | 10-12 || total
---------------------------+-------+-------+-------+-------++-------
  Melee: War axe           |    73 |   153 |   247 |   131 ||   604
  Throw: Javelin           |    20 |    33 |    36 |    11 ||   100
         Boomerang         |       |     6 |    11 |    12 ||    29
 Invoke: Heroism           |       |       |    11 |     3 ||    14
    Use: Scroll            |     2 |     7 |     8 |     3 ||    20
         Potion            |       |     3 |       |       ||     3
   Stab: Distracted        |       |     1 |       |       ||     1
 Armour: Scale mail        |    51 |    13 |       |       ||    64
         Chain mail        |       |    90 |    21 |       ||   111
         Skin              |       |     1 |       |       ||     1
         Plate armour      |       |       |   158 |   131 ||   289
  Dodge: Dodged            |    43 |    79 |    75 |    57 ||   254
  Block: Buckler           |    14 |    35 |    46 |    45 ||   140

Table legend:
 A = Non-vault XP
 B = Vault XP
 C = Vault XP percentage of total XP
 D = Non-vault monster count
 E = Vault monster count
 F = Vault count percentage of total count
                 A         B        C        D         E       F
            +---------+---------+-------+---------+---------+-------
      Total |    7492 |    1501 |  16.7 |     144 |      23 |  13.8
            +---------+---------+-------+---------+---------+-------
        D:1 |      27 |       0 |   0.0 |      18 |       0 |   0.0
        D:2 |      76 |      54 |  41.5 |      10 |       4 |  28.6
        D:3 |     100 |      73 |  42.2 |      16 |      13 |  44.8
        D:4 |     106 |      36 |  25.4 |      12 |       1 |   7.7
        D:5 |     522 |       0 |   0.0 |      11 |       0 |   0.0
        D:6 |     597 |    1160 |  66.0 |      14 |       3 |  17.6
        D:7 |     612 |       0 |   0.0 |      22 |       0 |   0.0
        D:8 |    2717 |      36 |   1.3 |      22 |       1 |   4.3
     Lair:1 |    2735 |     142 |   4.9 |      19 |       1 |   5.0
            +---------+---------+-------+---------+---------+-------
